 Dungeon Crawl Stone Soup version 0.31-a0-325-g067879e3d3 (webtiles) character file.

Game seed: 14187145086091809884

910 cforsyth the Ruffian (level 7, -4/81 (84) HPs)
             Began as a Vampire Shapeshifter on July 18, 2023.
             Slain by a wight
             ... wielding a +0 halberd
              (10 damage)
             ... on level 6 of the Dungeon.
             The game lasted 00:07:19 (4214 turns).

cforsyth the Ruffian (Vampire Shapeshifter)         Turns: 4214, Time: 00:07:19

HP:   -4/81 (84)    AC: 19    Str: 16    XL:     7   Next: 81%
MP:   7/7           EV:  2    Int: 11    God:
Gold: 323           SH:  0    Dex: 14    Spells: 6/6 levels left

rFire   + .          .
                       - Unarmed
rCold   . . .        (no shield)
rNeg    . . .        a - melded +0 animal skin
rPois   +            (helmet currently unavailable)
rElec   .            (cloak currently unavailable)
rCorr   .            (gloves currently unavailable)
SInv    +            (boots currently unavailable)
Will    .....        v - amulet of regeneration
Stlth   +            e - +5 ring of evasion
HPRegen 1.33/turn    t - ring of protection from fire
MPRegen 0.10/turn

%: no passive effects
@: tree-form, corroded, healing quickly, lightly drained
A: stationary, stasis, torment immunity, boosted hp, alive, (fangs 3), see
invisible, vampiric 2
a: Exsanguinate


You were on level 6 of the Dungeon.
You were a tree.
You visited 2 branches of the dungeon, and saw 7 of its levels.

You collected 323 gold pieces.

Inventory:

Armour
 a - a +0 animal skin (melded)
Jewellery
 e - a +5 ring of evasion (left branch)
 t - a ring of protection from fire (right branch)
 v - an amulet of regeneration (around neck)
Talismans
 c - a beast talisman
 i - a blade talisman
Scrolls
 g - 2 scrolls of amnesia {unknown}
 l - a scroll of fear {unknown}
 o - a scroll of poison
 p - a scroll of teleportation {unknown}
 q - a scroll of torment {unknown}
 r - 2 scrolls of acquirement {unknown}
 s - a scroll of silence {unknown}
 w - a scroll of enchant armour {unknown}
Potions
 b - a potion of lignification
 d - 2 potions of haste {unknown}
 k - a potion of attraction
 m - 3 potions of might {unknown}
 n - a potion of cancellation
 u - a potion of invisibility
 x - 2 potions of curing {unknown}


   Skills:
 + Level 5.0 Fighting
 - Level 2.1 Dodging
 + Level 5.9 Unarmed Combat
 + Level 5.7 Shapeshifting


You had 6 spell levels left.
You didn't know any spells.
Your spell library contained the following spells:

 Spells                   Type           Power      Damage    Failure   Level
 Magic Dart               Conj           0%         1d3       34%         1
 Call Imp                 Summ           0%         N/A       47%         2
 Dazzling Flash           Conj/Hex       0%         N/A       71%         3
 Mephitic Cloud           Conj/Pois/Air  0%         N/A       71%         3
 Volatile Blastmotes      Fire/Tloc      0%         2d10      71%         3
 Starburst                Conj/Fire      0%         6d3       100%        6
 Maxwell's Capacitive Co  Air            0%         ∞         100%        8


Dungeon Overview and Level Annotations

Branches:
Dungeon (6/15)             Temple (1/1) D:4

Altars:
Ashenzari
Cheibriados
Fedhas
Gozag
Nemelex Xobeh
Okawaru
Sif Muna
Trog
Uskayaw
Wu Jian
Xom
Yredelemnul


Innate Abilities, Weirdness & Mutations

You are a tree.
Your roots penetrate the ground, keeping you stationary.
You cannot be teleported.
You are immune to unholy pain and torment.
Your maximum health is greatly increased.
Your equipment is partially melded.
Your natural rate of healing is accelerated.
((You have razor-sharp teeth.))
You have supernaturally acute eyesight. (SInv)
You are afflicted with vampirism and can become a bat while bloodless.


Message History

No target in view!
You start waiting.
Done waiting.
You climb downwards.
The jelly barely misses you. The jelly closely misses you.
There is a stone staircase leading up here.
You hit the jelly.
Your hands burn!
The jelly is heavily wounded.
You punch the jelly! The acid corrodes you!
Your hands burn!
You punch the jelly.
You kill the jelly!
The wight hits you from afar with a +0 halberd!!
You feel drained. The wight barely misses you.
You closely miss the wight. The wight barely misses you.
You barely miss the wight. The wight misses you.
You hit the wight but do no damage. Your bite misses the wight.
The wight completely misses you.
You hit the wight. Your bite misses the wight.
The wight is lightly damaged.
The wight barely misses you.
You hit the wight. You bite the wight, but do no damage.
The wight is heavily damaged.
The wight hits you with a +0 halberd!
You hit the wight.
The wight is almost destroyed.
The wight hits you with a +0 halberd!
You are too injured to fight recklessly!
You are too injured to fight recklessly!
You are too injured to fight recklessly!
You are too injured to fight recklessly!
You barely miss the wight. Your bite misses the wight.
The wight is almost destroyed.
The wight hits you with a +0 halberd!
* * * LOW HITPOINT WARNING * * *
Really quaff the potion of lignification?
Your transformation has ended.
You turn into a tree.
Your +0 animal skin melds into your body.
Your roots penetrate the ground.
The wight hits you with a +0 halberd!
You die...

.........
.#...$...
......... #
#........ ##.#
#......##...
#.....$.#.#
.#.........###.
.......<.......
#......♣.......
#.##...z!......
#.#.........
...#.........
#..# ..........
... .##........
#. # #..##..#.
#... ..#


You could see a wight.

Vanquished Creatures
  A black bear (D:5)
  An ogre (D:4)
  3 scorpions (D:5)
  3 wights (D:5)
  A hound (D:4)
  2 jellies
  Jessica (D:2)
  2 orc wizards (D:3)
  Terence (D:3)
  An iguana (D:3)
  8 adders
  A white imp (D:5)
  A worm (D:2)
  3 dart slugs
  7 orcs
  6 ball pythons
  2 bats
  10 endoplasms
  6 giant cockroaches
  10 goblins
  7 hobgoblins
  7 jackals
  8 kobolds
  3 quokkas
  A frilled lizard (D:1)
  2 rats (D:2)
98 creatures vanquished.

Notes
Turn   | Place    | Note
-------+----------+-------------------------------------------
     0 | D:1      | cforsyth the Vampire Shapeshifter began the quest for the
                  | Orb.
     0 | D:1      | Reached XP level 1. HP: 16/16 MP: 1/1
   260 | D:1      | Reached XP level 2. HP: 22/22 MP: 2/2
   545 | D:1      | Gained mutation: You are afflicted with vampirism and can
                  | become a bat while bloodless. [Vampire growth]
   545 | D:1      | Reached XP level 3. HP: 28/28 MP: 3/3
   989 | D:2      | Noticed Jessica
  1000 | D:2      | Killed Jessica
  1001 | D:2      | Reached XP level 4. HP: 30/34 MP: 4/4
  1887 | D:3      | Identified the +0 short sword "Tacziga" {pain, rF+ Will+}
  2004 | D:3      | Reached XP level 5. HP: 30/41 MP: 5/5
  2250 | D:3      | Found a bloodstained altar of Trog.
  2352 | D:3      | Noticed Terence
  2354 | D:3      | Found a faded altar of an unknown god.
  2365 | D:3      | Killed Terence
  2366 | D:3      | Reached XP level 6. HP: 38/48 MP: 6/6
  3012 | D:4      | Found a staircase to the Ecumenical Temple.
  3021 | Temple   | Entered the Ecumenical Temple
  3303 | D:5      | Entered Level 5 of the Dungeon
  3347 | D:5      | Reached skill level 5 in Shapeshifting
  3425 | D:5      | Reached skill level 5 in Unarmed Combat
  3425 | D:5      | Reached XP level 7. HP: 43/54 MP: 7/7
  3449 | D:5      | Found a shimmering blue altar of Sif Muna.
  3519 | D:5      | Found a sparkling altar of Nemelex Xobeh.
  3523 | D:5      | Found a hide-covered altar of Uskayaw.
  4102 | D:5      | Reached skill level 5 in Fighting
  4214 | D:6      | Slain by a wight

Illustrated notes

Levels and vault maps discovered:
D:1:      erik_arrival_blinker_ship, layout_basic, grunt_decor_mini_mirrors,
          serial_bayou_pond_c, kennysheep_pointless_box
D:2:      layout_loops_corners, kennysheep_generic_room_5, uniq_jessica
D:3:      layout_basic, trog_antimagical, basic_ecumenical_altar, uniq_terence
D:4:      layout_gridville, mainiacjoe_overflow_alcove_2,
          minmay_temple_entry_wispy, kennysheep_doodads
D:5:      layout_rooms, nemelex_xobeh_ov_fountains_minmay,
          nicolae_sif_muna_condensation, amcnicky_altar_gilded
D:6:      minmay_cornered_nines, layout_rooms, minmay_misc_feat_x
Temple:   zaba_magenta_temple

Skill      XL: |  1  2  3  4  5  6  7 |
---------------+----------------------+-----
Fighting       | 2 3 4 5 |  5.0
Unarmed Combat | 3 4 5 |  5.9
Shapeshifting  | 4 5 |  5.7
Dodging        | |  2.1

Action                     |  1- 3 |  4- 6 |  7- 9 || total
---------------------------+-------+-------+-------++-------
  Melee: Unarmed           |    93 |   155 |    41 ||   289
         Bite              |     9 |    20 |     3 ||    32
         Punch             |     2 |     5 |     2 ||     9
    Use: Scroll            |       |     6 |       ||     6
         Potion            |       |       |     1 ||     1
   Stab: Sleeping          |     1 |     4 |     1 ||     6
 Armour: Animal skin       |    10 |    10 |     3 ||    23
  Dodge: Dodged            |    74 |   149 |    32 ||   255

Table legend: (Time is in decaauts)
 A = Elapsed time spent in this place.
 B = Non-inter-level travel time spent in this place.
 C = Inter-level travel time spent in this place.
 D = Time resting spent in this place.
 E = Time spent auto-exploring this place.
 F = Levels seen in this place.
 G = Mean time per level.
                   A        B        C        D        E       F      G
               +--------+--------+--------+--------+--------+-----+--------+
         Total |   4201 |   4076 |    125 |    406 |   2977 |   7 |  600.1 |
       Dungeon |   4199 |   4074 |    125 |    406 |   2977 |   6 |  699.8 |
        Temple |      1 |      1 |      0 |      0 |      0 |   1 |    1.0 |
               +--------+--------+--------+--------+--------+-----+--------+

Top non-repeatable levels by time:
     D:2: 955 daAuts
     D:5: 891 daAuts
     D:1: 877 daAuts
     D:4: 765 daAuts
     D:3: 693 daAuts
     D:6: 15 daAuts
  Temple: 1 daAuts
